Sabres vs Kings
(R1)
Created - November 19, 2018 at 19:22
Goals
|
Sabres |
0 |
1 |
0 |
1 |
Kings |
1 |
0 |
3 |
4 |
|
Shots
|
Sabres |
11 |
6 |
15 |
32 |
Kings |
12 |
9 |
10 |
31 |
|
1st period
1. Kings , Shea Weber 3 (Guillaume Latendresse 8) at 14:38 (PP)
Penalties :
Ronalds Kenins (Buf) for Tripping (Minor) at 3:01, Scottie Upshall (Buf) for Holding (Minor) at 12:41, Jon Merrill (LAK) for Tripping (Minor) at 15:54
2nd period
2. Sabres , Zach Bogosian 3 (Brad Richardson 4) at 19:40
Penalties :
Loui Eriksson (LAK) for Hooking (Minor) at 6:17, Nikita Kucherov (LAK) for Tripping (Minor) at 11:13, Evander Kane (Buf) for Hooking (Minor) at 15:18, Anze Kopitar (LAK) for Roughing (Minor) at 19:58
3rd period
3. Kings , Nikita Kucherov 4 (Shea Weber 7, Guillaume Latendresse 9) at 3:03
4. Kings , Nino Niederreiter 4 (Shea Weber 8) at 9:25
5. Kings , Pierre-Marc Bouchard 7 (Guillaume Latendresse 10) at 10:48
Penalties :
Nikita Kucherov (LAK) for Close Hand On Puck (Minor) at 5:13, Ramzi Abid (LAK) for Delaying the game (Minor) at 5:56, Valtteri Filppula (LAK) for Holding (Minor) at 12:02, Valtteri Filppula (LAK) for Tripping (Minor) at 14:44, Anze Kopitar (LAK) for Slashing (Minor) at 18:41
Goalie Stats
Robin Lehner (Buf), 27 saves from 31 shots - (0.871), L, 8-3-1, 60:00 minutes
Pascal Leclaire (LAK), 31 saves from 32 shots - (0.969), W, 2-0-2, 60:00 minutes
Players Stats for Sabres
Player Name G A P +/- PIM S H SB GA TA FO MP PP MP PK MP
------------------------------------------------------------------------------------
Andrei Loktionov 0 0 0 0 0 3 0 0 2 0 8/20 17:22 8:21 0:00
Brad Richardson 0 1 1 0 0 0 0 0 1 0 0/0 9:44 0:17 0:57
Brandon Sutter 0 0 0 1 0 3 2 1 0 1 6/11 12:00 0:00 3:02
Darcy Hordichuk 0 0 0 0 0 0 0 0 0 0 0/0 9:11 0:17 0:00
Evander Kane 0 0 0 -3 2 7 2 0 0 2 0/1 21:30 8:21 0:00
Jakub Kindl 0 0 0 0 0 0 0 0 0 1 0/0 10:26 0:40 0:00
Jared Cowen 0 0 0 -2 0 2 2 2 1 1 0/0 24:01 7:46 2:44
Kurtis Foster 0 0 0 0 0 1 1 0 0 1 0/0 10:20 0:34 0:00
Kyle Okposo 0 0 0 -3 0 2 1 0 1 0 2/2 21:14 8:09 0:00
Matt Martin 0 0 0 1 0 1 2 0 0 1 1/1 17:54 7:16 2:53
Michael Kostka 0 0 0 0 0 2 1 1 0 0 0/0 25:16 7:28 2:44
Rob Scuderi 0 0 0 -2 0 1 0 2 0 0 0/0 24:18 7:46 3:11
Ronalds Kenins 0 0 0 0 2 1 2 0 0 0 0/1 8:24 0:00 0:00
Ryan O'Reilly 0 0 0 -3 0 2 1 2 0 1 7/16 13:31 0:29 0:00
Scottie Upshall 0 0 0 1 2 0 0 0 1 0 1/1 9:24 0:00 2:05
Vincent Lecavalier 0 0 0 0 0 1 1 0 0 0 9/16 17:43 7:16 2:53
Zach Bogosian 1 0 1 0 0 5 0 2 0 0 0/0 25:39 7:34 3:11
Zack Kassian 0 0 0 0 0 1 2 1 2 0 0/0 16:05 7:16 0:00
Players Stats for Kings
Player Name G A P +/- PIM S H SB GA TA FO MP PP MP PK MP
------------------------------------------------------------------------------------
Anze Kopitar 0 0 0 0 4 3 0 1 1 0 22/35 20:01 3:06 6:45
Cal Clutterbuck 0 0 0 0 0 0 2 1 0 0 0/1 10:20 0:00 4:11
Cory Emmerton 0 0 0 1 0 1 2 1 0 1 3/7 10:01 0:01 0:00
Drew Doughty 0 0 0 -1 0 3 1 2 0 0 0/0 24:00 3:39 5:09
Dustin Brown 0 0 0 0 0 0 1 2 0 0 0/0 10:25 0:01 0:00
Guillaume Latendresse 0 3 3 1 0 0 1 0 2 0 0/0 22:41 2:48 7:59
Johnny Gaudreau 0 0 0 0 0 1 0 0 2 1 0/1 15:35 3:06 2:21
Jon Merrill 0 0 0 0 2 0 0 2 0 1 0/0 17:38 0:00 8:54
Loui Eriksson 0 0 0 1 2 4 1 0 0 0 0/1 12:19 2:17 0:00
Nikita Kucherov 1 0 1 1 4 3 2 0 1 0 0/0 14:32 3:06 0:09
Nino Niederreiter 1 0 1 1 0 3 2 1 0 0 3/4 16:35 2:48 3:52
Paul Martin 0 0 0 0 0 0 0 0 0 0 0/0 10:33 0:00 1:22
Pierre-Marc Bouchard 1 0 1 1 0 4 3 0 1 0 6/17 15:49 2:48 1:19
Ramzi Abid 0 0 0 0 2 3 0 0 1 1 1/1 10:08 0:00 3:52
Shea Weber 1 2 3 3 0 2 2 2 0 1 0/0 27:07 2:16 10:24
Staffan Kronwall 0 0 0 3 0 0 1 0 0 2 0/0 19:34 0:00 5:25
Valtteri Filppula 0 0 0 0 4 0 1 0 0 0 0/2 6:10 0:00 0:03
Victor Hedman 0 0 0 -1 0 4 0 1 0 1 0/0 19:13 3:39 0:34
3 Stars
1 - Shea Weber (LAK)
2 - Pascal Leclaire (LAK)
3 - Guillaume Latendresse (LAK)
Power Play
Sabres - 0 on 9 Attempt(s) - 0.00%
Kings - 1 on 3 Attempt(s) - 33.33%
Penalty Kill
Sabres - 2 on 3 Attempt(s) - 66.67%
- Score 0 goal in Penalty Kill
Kings - 9 on 9 Attempt(s) - 100.00%
- Score 0 goal in Penalty Kill
Team Stat
Sabres - Hits : 17 - Faceoff Wins : 34 - Blocked Shots : 11 - Penalty Minutes : 6
Kings - Hits : 19 - Faceoff Wins : 35 - Blocked Shots : 13 - Penalty Minutes : 18
Official
Referees : Unknown
Linesman : Unknown
Game Notes
No Game Note
Finance
Level 1 -- Attendance: 6000 (100.00%) -- Ticket Income $540,000
Level 2 -- Attendance: 3676 (73.52%) -- Ticket Income $238,940
Level 3 -- Attendance: 1521 (76.05%) -- Ticket Income $60,840
Level 4 -- Attendance: 2833 (70.83%) -- Ticket Income $84,990
Luxury Box -- Attendance: 916 (91.60%) -- Ticket Income $132,820
Game was played at the Staples Center.
Total Attendance: 14946 (83.03%)
Total Ticket Income: $1,057,590
Other Income: $158,638
Total Income: $1,216,228
Sabres
5 vs 5 Forward
Center Left Wing Right Wing Time % Phy DF OF
1 Ryan O'Reilly Evander Kane Kyle Okposo 38 0 1 4
2 Andrei Loktionov Darcy Hordichuk Zack Kassian 30 0 1 4
3 Vincent Lecavalier Ronalds Kenins Brad Richardson 22 0 1 4
4 Brandon Sutter Matt Martin Scottie Upshall 10 1 1 3
5 vs 5 Defense
Defense Defense Time % Phy DF OF
1 Rob Scuderi Jared Cowen 38 0 4 1
2 Zach Bogosian Michael Kostka 38 0 2 3
3 Kurtis Foster Jakub Kindl 14 0 5 0
4 Kurtis Foster Jakub Kindl 10 0 5 0
PowerPlay Forward
Center Left Wing Right Wing Time % Phy DF OF
1 Andrei Loktionov Evander Kane Kyle Okposo 56 0 0 5
2 Vincent Lecavalier Matt Martin Zack Kassian 44 1 0 4
PowerPlay Defense
Defense Defense Time % Phy DF OF
1 Zach Bogosian Michael Kostka 56 0 1 4
2 Rob Scuderi Jared Cowen 44 0 1 4
Penalty Kill 4 Players Forward
Center Wing Time % Phy DF OF
1 Brandon Sutter Scottie Upshall 50 0 5 0
2 Vincent Lecavalier Matt Martin 50 0 5 0
Penalty Kill 4 Players Defense
Defense Defense Time % Phy DF OF
1 Jared Cowen Michael Kostka 50 0 5 0
2 Zach Bogosian Rob Scuderi 50 0 5 0
Penalty Kill - 3 Players Forward
Forward Time % Phy DF OF
1 Brandon Sutter 60 0 5 0
2 Zack Kassian 40 0 5 0
Penalty Kill - 3 Players Defense
Defense Defense Time % Phy DF OF
1 Rob Scuderi Jared Cowen 60 0 5 0
2 Michael Kostka Zach Bogosian 40 0 5 0
4 vs 4 Forward
Center Wing Time % Phy DF OF
1 Vincent Lecavalier Kyle Okposo 50 0 2 3
2 Ryan O'Reilly Andrei Loktionov 50 0 1 4
4 vs 4 Defense
Defense Defense Time % Phy DF OF
1 Kurtis Foster Jared Cowen 50 0 4 1
2 Michael Kostka Rob Scuderi 50 0 4 1
Last Minutes Offensive
Center Left Wing Right Wing Defense Defense
Vincent Lecavalier Evander Kane Kyle Okposo Zach Bogosian Jared Cowen
Last Minutes Defensive
Center Left Wing Right Wing Defense Defense
Brandon Sutter Evander Kane Zack Kassian Zach Bogosian Jared Cowen
Goaltenders
Starting : Robin Lehner
Backup : Jonas Hiller
Extra Forwards
Normal : Brandon Sutter, Ryan O'Reilly, Brad Richardson - PP : Matt Martin, Ryan O'Reilly - PK : Brad Richardson
Extra Defensemen
Normal : Zach Bogosian, Jared Cowen, Michael Kostka - PP : Zach Bogosian - PK : Jakub Kindl, Jared Cowen
Penalty Shots
Evander Kane, Vincent Lecavalier, Ryan O'Reilly, Andrei Loktionov, Kyle Okposo
Scratches
Darren Reid (Healthy), Ilya Kovalchuk (Broken Left Thumb Injury), Jordan Leopold (Healthy), Andrew MacDonald (Healthy)
Kings
5 vs 5 Forward
Center Left Wing Right Wing Time % Phy DF OF
1 Anze Kopitar Johnny Gaudreau Dustin Brown 35 1 2 2
2 Pierre-Marc Bouchard Guillaume Latendresse Nikita Kucherov 35 1 2 2
3 Cory Emmerton Loui Eriksson Nino Niederreiter 25 1 2 2
4 Valtteri Filppula Ramzi Abid Cal Clutterbuck 5 1 3 1
5 vs 5 Defense
Defense Defense Time % Phy DF OF
1 Drew Doughty Victor Hedman 40 0 3 2
2 Shea Weber Staffan Kronwall 40 0 3 2
3 Paul Martin Jon Merrill 20 0 3 2
4 Drew Doughty Shea Weber 0 1 2 2
PowerPlay Forward
Center Left Wing Right Wing Time % Phy DF OF
1 Anze Kopitar Johnny Gaudreau Nikita Kucherov 60 0 1 4
2 Pierre-Marc Bouchard Guillaume Latendresse Nino Niederreiter 40 0 1 4
PowerPlay Defense
Defense Defense Time % Phy DF OF
1 Drew Doughty Victor Hedman 60 0 2 3
2 Shea Weber Loui Eriksson 40 0 2 3
Penalty Kill 4 Players Forward
Center Wing Time % Phy DF OF
1 Anze Kopitar Guillaume Latendresse 60 0 4 1
2 Cal Clutterbuck Ramzi Abid 40 0 4 1
Penalty Kill 4 Players Defense
Defense Defense Time % Phy DF OF
1 Jon Merrill Shea Weber 60 1 4 0
2 Staffan Kronwall Drew Doughty 40 1 4 0
Penalty Kill - 3 Players Forward
Forward Time % Phy DF OF
1 Anze Kopitar 60 1 4 0
2 Guillaume Latendresse 40 1 4 0
Penalty Kill - 3 Players Defense
Defense Defense Time % Phy DF OF
1 Drew Doughty Jon Merrill 60 0 5 0
2 Shea Weber Staffan Kronwall 40 0 4 0
4 vs 4 Forward
Center Wing Time % Phy DF OF
1 Anze Kopitar Johnny Gaudreau 60 1 2 2
2 Pierre-Marc Bouchard Guillaume Latendresse 40 1 2 2
4 vs 4 Defense
Defense Defense Time % Phy DF OF
1 Drew Doughty Victor Hedman 60 1 2 2
2 Shea Weber Staffan Kronwall 40 1 2 2
Last Minutes Offensive
Center Left Wing Right Wing Defense Defense
Anze Kopitar Guillaume Latendresse Nikita Kucherov Drew Doughty Victor Hedman
Last Minutes Defensive
Center Left Wing Right Wing Defense Defense
Anze Kopitar Guillaume Latendresse Nino Niederreiter Shea Weber Drew Doughty
Goaltenders
Starting : Pascal Leclaire
Backup : Jacob Markstrom
Extra Forwards
Normal : Anze Kopitar, Guillaume Latendresse, Pierre-Marc Bouchard - PP : Loui Eriksson, Cory Emmerton - PK : Nino Niederreiter
Extra Defensemen
Normal : Drew Doughty, Shea Weber, Staffan Kronwall - PP : Staffan Kronwall - PK : Paul Martin, Victor Hedman
Penalty Shots
Anze Kopitar, Guillaume Latendresse, Nikita Kucherov, Shea Weber, Drew Doughty
Scratches
Trevor Daley (Healthy)
% Time on Ice - Sabres
Lines # - Real PCT - Wanted PCT - Time Play
Normal Forward
1 - 35% - 38% - 13:12
2 - 24% - 30% - 9:14
3 - 22% - 22% - 8:25
4 - 19% - 10% - 7:20
Normal Defense
1 - 40% - 38% - 15:09
2 - 35% - 38% - 13:22
3 - 16% - 14% - 5:56
4 - 10% - 10% - 3:44
PP Forward
1 - 54% - 56% - 8:38
2 - 46% - 44% - 7:16
PP Defense
1 - 51% - 56% - 8:08
2 - 49% - 44% - 7:46
PK Forward
1 - 51% - 50% - 3:02
2 - 49% - 50% - 2:53
PK Defense
1 - 46% - 50% - 2:44
2 - 54% - 50% - 3:11
PK3 Forward
1 - 0% - 60%
2 - 0% - 40%
PK3 Defense
1 - 0% - 60%
2 - 0% - 40%
44 Forward
1 - 0% - 50%
2 - 0% - 50%
44 Defense
1 - 0% - 50%
2 - 0% - 50%
Last Minute Offensive - 0:00
Last Minute Defensive - 0:00
Total
Forward - 60:00
Defense - 60:00
|
% Time on Ice - Kings
Lines # - Real PCT - Wanted PCT - Time Play
Normal Forward
1 - 29% - 35% - 11:13
2 - 29% - 35% - 11:14
3 - 25% - 25% - 9:36
4 - 16% - 5% - 6:08
Normal Defense
1 - 41% - 40% - 15:37
2 - 39% - 40% - 14:48
3 - 20% - 20% - 7:46
4 - 0% - 0% - 0:00
PP Forward
1 - 53% - 60% - 3:07
2 - 47% - 40% - 2:48
PP Defense
1 - 62% - 60% - 3:39
2 - 38% - 40% - 2:16
PK Forward
1 - 71% - 60% - 10:27
2 - 29% - 40% - 4:11
PK Defense
1 - 67% - 60% - 9:48
2 - 33% - 40% - 4:50
PK3 Forward
1 - 76% - 60% - 0:58
2 - 24% - 40% - 0:18
PK3 Defense
1 - 37% - 60% - 0:28
2 - 63% - 40% - 0:48
44 Forward
1 - 0% - 60%
2 - 0% - 40%
44 Defense
1 - 0% - 60%
2 - 0% - 40%
Last Minute Offensive - 0:00
Last Minute Defensive - 0:00
Total
Forward - 60:00
Defense - 60:00
|
Play by Play
1st period
0:01 of 1st period - Anze Kopitar wins face-off versus Ryan O'Reilly in neutral zone.
0:32 of 1st period - Wrist shot by Andrei Loktionov.
0:32 of 1st period - Stopped by Pascal Leclaire without a rebound.
0:33 of 1st period - Vincent Lecavalier wins face-off versus Cory Emmerton in Kings zone.
0:48 of 1st period - Brad Richardson is hit by Nino Niederreiter and loses puck.
1:07 of 1st period - Brandon Sutter is hit by Staffan Kronwall and loses puck.
1:17 of 1st period - Icing by Zach Bogosian.
1:18 of 1st period - Anze Kopitar wins face-off versus Brandon Sutter in Sabres zone.
2:07 of 1st period - Kurtis Foster is hit by Pierre-Marc Bouchard and loses puck.
2:31 of 1st period - Backhand shot by Ryan O'Reilly.
2:31 of 1st period - Stopped by Pascal Leclaire without a rebound.
2:32 of 1st period - Cory Emmerton wins face-off versus Andrei Loktionov in Kings zone.
2:42 of 1st period - Slapshot by Nino Niederreiter.
2:42 of 1st period - Stopped by Robin Lehner without a rebound.
2:43 of 1st period - Anze Kopitar wins face-off versus Ronalds Kenins in Sabres zone.
2:44 of 1st period - Wrist shot by Johnny Gaudreau.
2:44 of 1st period - Shot Misses the Net.
2:46 of 1st period - Slapshot by Victor Hedman.
2:46 of 1st period - Stopped by Robin Lehner without a rebound.
2:47 of 1st period - Anze Kopitar wins face-off versus Vincent Lecavalier in Sabres zone.
3:01 of 1st period - Minor Penalty to Ronalds Kenins for Tripping.
3:02 of 1st period - Anze Kopitar wins face-off versus Brandon Sutter in Sabres zone.
3:12 of 1st period - Backhand shot by Johnny Gaudreau.
3:12 of 1st period - Shot Blocked by Jared Cowen.
5:01 of 1st period - Penalty to Ronalds Kenins is over, Ronalds Kenins is back on ice.
5:08 of 1st period - Victor Hedman is hit by Ryan O'Reilly and loses puck.
5:13 of 1st period - Wrist shot by Kyle Okposo.
5:13 of 1st period - Shot Blocked by Dustin Brown.
6:03 of 1st period - Valtteri Filppula is hit by Evander Kane and loses puck.
6:30 of 1st period - Nikita Kucherov is hit by Brandon Sutter and loses puck.
6:59 of 1st period - Valtteri Filppula is hit by Vincent Lecavalier and loses puck.
7:12 of 1st period - Rob Scuderi is hit by Shea Weber and loses puck.
7:29 of 1st period - Jon Merrill is hit by Brandon Sutter and loses puck.
7:44 of 1st period - Snap shot by Vincent Lecavalier.
7:44 of 1st period - Shot Misses the Net.
7:47 of 1st period - Icing by Drew Doughty.
7:48 of 1st period - Vincent Lecavalier wins face-off versus Pierre-Marc Bouchard in Kings zone.
7:51 of 1st period - Snap shot by Vincent Lecavalier.
7:51 of 1st period - Stopped by Pascal Leclaire without a rebound.
7:52 of 1st period - Pierre-Marc Bouchard wins face-off versus Ryan O'Reilly in Kings zone.
7:52 of 1st period - Pierre-Marc Bouchard is hit by Evander Kane.
8:18 of 1st period - Evander Kane is hit by Nikita Kucherov and loses puck.
8:49 of 1st period - Wrist shot by Kyle Okposo.
8:49 of 1st period - Deflect By Shea Weber.
8:49 of 1st period - Stopped by Pascal Leclaire without a rebound.
8:50 of 1st period - Anze Kopitar wins face-off versus Andrei Loktionov in Kings zone.
9:02 of 1st period - Icing by Andrei Loktionov.
9:03 of 1st period - Andrei Loktionov wins face-off versus Cory Emmerton in Sabres zone.
9:12 of 1st period - Snap shot by Andrei Loktionov.
9:12 of 1st period - Stopped by Pascal Leclaire without a rebound.
9:13 of 1st period - Andrei Loktionov wins face-off versus Loui Eriksson in Kings zone.
9:14 of 1st period - Wrist shot by Zack Kassian.
9:14 of 1st period - Shot Blocked by Nino Niederreiter.
9:24 of 1st period - Wrist shot by Loui Eriksson.
9:24 of 1st period - Stopped by Robin Lehner with a rebound.
9:26 of 1st period - Slapshot by Drew Doughty.
9:26 of 1st period - Shot Blocked by Rob Scuderi.
9:54 of 1st period - Wrist shot by Zack Kassian.
9:54 of 1st period - Shot Blocked by Victor Hedman.
10:06 of 1st period - Victor Hedman is hit by Jared Cowen and loses puck.
10:21 of 1st period - Andrei Loktionov is hit by Drew Doughty and loses puck.
10:32 of 1st period - Wrist shot by Drew Doughty.
10:32 of 1st period - Shot Blocked by Zack Kassian.
10:34 of 1st period - Snap shot by Loui Eriksson.
10:34 of 1st period - Stopped by Robin Lehner with a rebound.
10:36 of 1st period - Slapshot by Victor Hedman.
10:36 of 1st period - Shot Misses the Net.
10:38 of 1st period - Snap shot by Drew Doughty.
10:38 of 1st period - Shot Blocked by Jared Cowen.
10:40 of 1st period - Snap shot by Victor Hedman.
10:40 of 1st period - Stopped by Robin Lehner with a rebound.
10:42 of 1st period - Slapshot by Drew Doughty.
10:42 of 1st period - Stopped by Robin Lehner with a rebound.
10:44 of 1st period - Snap shot by Loui Eriksson.
10:44 of 1st period - Stopped by Robin Lehner without a rebound.
10:45 of 1st period - Ryan O'Reilly wins face-off versus Anze Kopitar in Sabres zone.
11:12 of 1st period - Ronalds Kenins is hit by Pierre-Marc Bouchard and loses puck.
11:38 of 1st period - Wrist shot by Ramzi Abid.
11:38 of 1st period - Stopped by Robin Lehner without a rebound.
11:39 of 1st period - Anze Kopitar wins face-off versus Ryan O'Reilly in Sabres zone.
11:48 of 1st period - Snap shot by Anze Kopitar.
11:48 of 1st period - Shot Blocked by Ryan O'Reilly.
12:13 of 1st period - Pierre-Marc Bouchard is hit by Kurtis Foster and loses puck.
12:41 of 1st period - Minor Penalty to Scottie Upshall for Holding.
12:42 of 1st period - Matt Martin wins face-off versus Anze Kopitar in Sabres zone.
12:54 of 1st period - Snap shot by Anze Kopitar.
12:54 of 1st period - Stopped by Robin Lehner without a rebound.
12:55 of 1st period - Anze Kopitar wins face-off versus Vincent Lecavalier in Sabres zone.
13:50 of 1st period - Slapshot by Jared Cowen.
13:50 of 1st period - Stopped by Pascal Leclaire without a rebound.
13:51 of 1st period - Vincent Lecavalier wins face-off versus Anze Kopitar in Kings zone.
14:08 of 1st period - Slapshot by Johnny Gaudreau.
14:08 of 1st period - Stopped by Robin Lehner without a rebound.
14:09 of 1st period - Brandon Sutter wins face-off versus Pierre-Marc Bouchard in Sabres zone.
14:18 of 1st period - Wrist shot by Brandon Sutter.
14:18 of 1st period - Stopped by Pascal Leclaire without a rebound.
14:19 of 1st period - Vincent Lecavalier wins face-off versus Pierre-Marc Bouchard in Kings zone.
14:38 of 1st period - Slapshot by Shea Weber.
14:38 of 1st period - Goal by Shea Weber - Sabres : 0 - Kings : 1.
14:39 of 1st period - Ryan O'Reilly wins face-off versus Anze Kopitar in neutral zone.
15:19 of 1st period - Snap shot by Evander Kane.
15:19 of 1st period - Stopped by Pascal Leclaire without a rebound.
15:20 of 1st period - Vincent Lecavalier wins face-off versus Anze Kopitar in Kings zone.
15:54 of 1st period - Minor Penalty to Jon Merrill for Tripping.
15:55 of 1st period - Anze Kopitar wins face-off versus Andrei Loktionov in Kings zone.
16:26 of 1st period - Guillaume Latendresse is hit by Matt Martin and loses puck.
17:54 of 1st period - Penalty to Jon Merrill is over, Jon Merrill is back on ice.
18:09 of 1st period - Wrist shot by Ronalds Kenins.
18:09 of 1st period - Shot Blocked by Shea Weber.
18:57 of 1st period - Slapshot by Anze Kopitar.
18:57 of 1st period - Stopped by Robin Lehner without a rebound.
18:58 of 1st period - Brandon Sutter wins face-off versus Cory Emmerton in Sabres zone.
19:02 of 1st period - Icing by Matt Martin.
19:03 of 1st period - Scottie Upshall wins face-off versus Cory Emmerton in Sabres zone.
19:03 of 1st period - Scottie Upshall is hit by Nino Niederreiter.
19:25 of 1st period - Snap shot by Zach Bogosian.
19:25 of 1st period - Deflect By Brandon Sutter.
19:25 of 1st period - Stopped by Pascal Leclaire with a rebound.
19:35 of 1st period - Snap shot by Brandon Sutter.
19:35 of 1st period - Stopped by Pascal Leclaire with a rebound.
19:37 of 1st period - Slapshot by Zach Bogosian.
19:37 of 1st period - Stopped by Pascal Leclaire without a rebound.
19:38 of 1st period - Pierre-Marc Bouchard wins face-off versus Ryan O'Reilly in Kings zone.
Goals for this period are 0 for Sabres vs 1 for Kings.
Shots for this period are 11 for Sabres vs 12 for Kings.
2nd period
0:01 of 2nd period - Ryan O'Reilly wins face-off versus Pierre-Marc Bouchard in neutral zone.
0:16 of 2nd period - Slapshot by Shea Weber.
0:16 of 2nd period - Deflect By Pierre-Marc Bouchard.
0:16 of 2nd period - Stopped by Robin Lehner with a rebound.
0:30 of 2nd period - Snap shot by Zach Bogosian.
0:30 of 2nd period - Shot Misses the Net.
0:51 of 2nd period - Slapshot by Vincent Lecavalier.
0:51 of 2nd period - Shot Misses the Net.
1:39 of 2nd period - Snap shot by Ryan O'Reilly.
1:39 of 2nd period - Shot Misses the Net.
1:49 of 2nd period - Wrist shot by Anze Kopitar.
1:49 of 2nd period - Shot Blocked by Rob Scuderi.
1:57 of 2nd period - Wrist shot by Darcy Hordichuk.
1:57 of 2nd period - Shot Hit the Post.
2:15 of 2nd period - Wrist shot by Ronalds Kenins.
2:15 of 2nd period - Shot Blocked by Jon Merrill.
2:28 of 2nd period - Icing by Vincent Lecavalier.
2:29 of 2nd period - Brandon Sutter wins face-off versus Valtteri Filppula in Sabres zone.
5:30 of 2nd period - Scottie Upshall is hit by Valtteri Filppula and loses puck.
6:17 of 2nd period - Minor Penalty to Loui Eriksson for Hooking.
6:18 of 2nd period - Anze Kopitar wins face-off versus Andrei Loktionov in Kings zone.
7:14 of 2nd period - Johnny Gaudreau is hit by Zack Kassian and loses puck.
8:11 of 2nd period - Icing by Andrei Loktionov.
8:12 of 2nd period - Andrei Loktionov wins face-off versus Anze Kopitar in Sabres zone.
8:17 of 2nd period - Penalty to Loui Eriksson is over, Loui Eriksson is back on ice.
8:39 of 2nd period - Snap shot by Nino Niederreiter.
8:39 of 2nd period - Shot Misses the Net.
8:41 of 2nd period - Slapshot by Ramzi Abid.
8:41 of 2nd period - Stopped by Robin Lehner without a rebound.
8:42 of 2nd period - Ramzi Abid wins face-off versus Brandon Sutter in Sabres zone.
9:04 of 2nd period - Rob Scuderi is hit by Cal Clutterbuck and loses puck.
9:21 of 2nd period - Wrist shot by Ramzi Abid.
9:21 of 2nd period - Stopped by Robin Lehner without a rebound.
9:22 of 2nd period - Pierre-Marc Bouchard wins face-off versus Ryan O'Reilly in Sabres zone.
9:33 of 2nd period - Wrist shot by Pierre-Marc Bouchard.
9:33 of 2nd period - Stopped by Robin Lehner with a rebound.
9:35 of 2nd period - Slapshot by Victor Hedman.
9:35 of 2nd period - Stopped by Robin Lehner without a rebound.
9:36 of 2nd period - Ryan O'Reilly wins face-off versus Pierre-Marc Bouchard in Sabres zone.
10:03 of 2nd period - Johnny Gaudreau is hit by Ronalds Kenins and loses puck.
10:31 of 2nd period - Slapshot by Zack Kassian.
10:31 of 2nd period - Shot Blocked by Cory Emmerton.
10:33 of 2nd period - Slapshot by Michael Kostka.
10:33 of 2nd period - Shot Misses the Net.
10:51 of 2nd period - Wrist shot by Evander Kane.
10:51 of 2nd period - Stopped by Pascal Leclaire with a rebound.
11:13 of 2nd period - Minor Penalty to Nikita Kucherov for Tripping.
11:14 of 2nd period - Andrei Loktionov wins face-off versus Anze Kopitar in Kings zone.
11:17 of 2nd period - Wrist shot by Kyle Okposo.
11:17 of 2nd period - Stopped by Pascal Leclaire without a rebound.
11:18 of 2nd period - Andrei Loktionov wins face-off versus Anze Kopitar in Kings zone.
11:33 of 2nd period - Snap shot by Evander Kane.
11:33 of 2nd period - Stopped by Pascal Leclaire with a rebound.
11:59 of 2nd period - Jared Cowen is hit by Shea Weber and loses puck.
13:05 of 2nd period - Johnny Gaudreau is hit by Michael Kostka and loses puck.
13:13 of 2nd period - Penalty to Nikita Kucherov is over, Nikita Kucherov is back on ice.
13:55 of 2nd period - Ronalds Kenins is hit by Guillaume Latendresse and loses puck.
14:22 of 2nd period - Wrist shot by Johnny Gaudreau.
14:22 of 2nd period - Shot Misses the Net.
15:18 of 2nd period - Minor Penalty to Evander Kane for Hooking.
15:19 of 2nd period - Brandon Sutter wins face-off versus Anze Kopitar in Sabres zone.
15:47 of 2nd period - Snap shot by Nino Niederreiter.
15:47 of 2nd period - Deflect By Pierre-Marc Bouchard.
15:47 of 2nd period - Shot Misses the Net.
15:47 of 2nd period - Puck is out of play.
15:48 of 2nd period - Vincent Lecavalier wins face-off versus Johnny Gaudreau in Sabres zone.
15:57 of 2nd period - Snap shot by Johnny Gaudreau.
15:57 of 2nd period - Shot Blocked by Brandon Sutter.
15:59 of 2nd period - Slapshot by Shea Weber.
15:59 of 2nd period - Stopped by Robin Lehner with a rebound.
16:01 of 2nd period - Slapshot by Loui Eriksson.
16:01 of 2nd period - Stopped by Robin Lehner without a rebound.
16:02 of 2nd period - Anze Kopitar wins face-off versus Vincent Lecavalier in Sabres zone.
16:13 of 2nd period - Slapshot by Anze Kopitar.
16:13 of 2nd period - Shot Misses the Net.
16:15 of 2nd period - Snap shot by Anze Kopitar.
16:15 of 2nd period - Deflect By Nikita Kucherov.
16:15 of 2nd period - Stopped by Robin Lehner with a rebound.
16:17 of 2nd period - Snap shot by Anze Kopitar.
16:17 of 2nd period - Shot Misses the Net.
16:35 of 2nd period - Slapshot by Drew Doughty.
16:35 of 2nd period - Deflect By Michael Kostka.
16:35 of 2nd period - Stopped by Robin Lehner without a rebound.
16:36 of 2nd period - Anze Kopitar wins face-off versus Brandon Sutter in Sabres zone.
17:00 of 2nd period - Shea Weber is hit by Matt Martin.
17:18 of 2nd period - Penalty to Evander Kane is over, Evander Kane is back on ice.
18:05 of 2nd period - Kurtis Foster is hit by Cory Emmerton and loses puck.
18:18 of 2nd period - Ronalds Kenins is hit by Loui Eriksson and loses puck.
18:49 of 2nd period - Slapshot by Evander Kane.
18:49 of 2nd period - Shot Blocked by Dustin Brown.
18:51 of 2nd period - Wrist shot by Evander Kane.
18:51 of 2nd period - Stopped by Pascal Leclaire without a rebound.
18:52 of 2nd period - Anze Kopitar wins face-off versus Ryan O'Reilly in Kings zone.
19:29 of 2nd period - Drew Doughty is hit by Zack Kassian and loses puck.
19:40 of 2nd period - Slapshot by Zach Bogosian.
19:40 of 2nd period - Goal by Zach Bogosian - Sabres : 1 - Kings : 1.
19:41 of 2nd period - Pierre-Marc Bouchard wins face-off versus Ryan O'Reilly in neutral zone.
19:44 of 2nd period - Kyle Okposo is hit by Nikita Kucherov and loses puck.
19:55 of 2nd period - Slapshot by Ryan O'Reilly.
19:55 of 2nd period - Stopped by Pascal Leclaire without a rebound.
19:56 of 2nd period - Anze Kopitar wins face-off versus Andrei Loktionov in Kings zone.
19:58 of 2nd period - Minor Penalty to Anze Kopitar for Roughing.
19:59 of 2nd period - Nino Niederreiter wins face-off versus Andrei Loktionov in Kings zone.
Goals for this period are 1 for Sabres vs 0 for Kings.
Shots for this period are 6 for Sabres vs 9 for Kings.
3rd period
0:01 of 3rd period - Nino Niederreiter wins face-off versus Andrei Loktionov in neutral zone.
1:36 of 3rd period - Michael Kostka is hit by Cal Clutterbuck and loses puck.
1:58 of 3rd period - Penalty to Anze Kopitar is over, Anze Kopitar is back on ice.
2:06 of 3rd period - Wrist shot by Anze Kopitar.
2:06 of 3rd period - Stopped by Robin Lehner without a rebound.
2:07 of 3rd period - Anze Kopitar wins face-off versus Brandon Sutter in Sabres zone.
2:21 of 3rd period - Off-side.
2:22 of 3rd period - Cory Emmerton wins face-off versus Vincent Lecavalier in neutral zone.
2:27 of 3rd period - Wrist shot by Cory Emmerton.
2:27 of 3rd period - Stopped by Robin Lehner without a rebound.
2:28 of 3rd period - Cory Emmerton wins face-off versus Vincent Lecavalier in Sabres zone.
2:29 of 3rd period - Snap shot by Nino Niederreiter.
2:29 of 3rd period - Stopped by Robin Lehner without a rebound.
2:30 of 3rd period - Vincent Lecavalier wins face-off versus Nino Niederreiter in Sabres zone.
2:32 of 3rd period - Icing by Michael Kostka.
2:33 of 3rd period - Vincent Lecavalier wins face-off versus Pierre-Marc Bouchard in Sabres zone.
2:33 of 3rd period - Vincent Lecavalier is hit by Pierre-Marc Bouchard.
2:39 of 3rd period - Backhand shot by Michael Kostka.
2:39 of 3rd period - Stopped by Pascal Leclaire without a rebound.
2:40 of 3rd period - Ryan O'Reilly wins face-off versus Pierre-Marc Bouchard in Kings zone.
2:57 of 3rd period - Snap shot by Guillaume Latendresse.
2:57 of 3rd period - Shot Misses the Net.
2:59 of 3rd period - Slapshot by Shea Weber.
2:59 of 3rd period - Shot Blocked by Ryan O'Reilly.
3:03 of 3rd period - Slapshot by Nikita Kucherov.
3:03 of 3rd period - Goal by Nikita Kucherov - Sabres : 1 - Kings : 2.
3:04 of 3rd period - Anze Kopitar wins face-off versus Evander Kane in neutral zone.
3:19 of 3rd period - Snap shot by Anze Kopitar.
3:19 of 3rd period - Shot Misses the Net.
3:59 of 3rd period - Slapshot by Michael Kostka.
3:59 of 3rd period - Stopped by Pascal Leclaire with a rebound.
4:17 of 3rd period - Snap shot by Zach Bogosian.
4:17 of 3rd period - Shot Blocked by Jon Merrill.
4:19 of 3rd period - Snap shot by Matt Martin.
4:19 of 3rd period - Stopped by Pascal Leclaire without a rebound.
4:20 of 3rd period - Ryan O'Reilly wins face-off versus Anze Kopitar in Kings zone.
4:29 of 3rd period - Jakub Kindl is hit by Dustin Brown and loses puck.
5:04 of 3rd period - Snap shot by Evander Kane.
5:04 of 3rd period - Stopped by Pascal Leclaire with a rebound.
5:06 of 3rd period - Snap shot by Kyle Okposo.
5:06 of 3rd period - Shot Hit the Post.
5:08 of 3rd period - Slapshot by Evander Kane.
5:08 of 3rd period - Shot Misses the Net.
5:10 of 3rd period - Slapshot by Kurtis Foster.
5:10 of 3rd period - Stopped by Pascal Leclaire without a rebound.
5:11 of 3rd period - Pierre-Marc Bouchard wins face-off versus Andrei Loktionov in Kings zone.
5:13 of 3rd period - Minor Penalty to Nikita Kucherov for Close Hand On Puck.
5:14 of 3rd period - Anze Kopitar wins face-off versus Vincent Lecavalier in Kings zone.
5:56 of 3rd period - Minor Penalty to Ramzi Abid for Delaying the game.
5:57 of 3rd period - Anze Kopitar wins face-off versus Andrei Loktionov in Kings zone.
6:36 of 3rd period - Anze Kopitar is hit by Jared Cowen and loses puck.
7:13 of 3rd period - Penalty to Nikita Kucherov is over, Nikita Kucherov is back on ice.
7:56 of 3rd period - Penalty to Ramzi Abid is over, Ramzi Abid is back on ice.
8:08 of 3rd period - Brad Richardson is hit by Cory Emmerton and loses puck.
8:15 of 3rd period - Nino Niederreiter is hit by Ronalds Kenins and loses puck.
8:34 of 3rd period - Snap shot by Guillaume Latendresse.
8:34 of 3rd period - Deflect By Nikita Kucherov.
8:34 of 3rd period - Stopped by Robin Lehner without a rebound.
8:35 of 3rd period - Andrei Loktionov wins face-off versus Pierre-Marc Bouchard in Sabres zone.
9:23 of 3rd period - Snap shot by Nino Niederreiter.
9:23 of 3rd period - Shot Blocked by Zach Bogosian.
9:25 of 3rd period - Wrist shot by Nino Niederreiter.
9:25 of 3rd period - Goal by Nino Niederreiter - Sabres : 1 - Kings : 3.
9:26 of 3rd period - Kyle Okposo wins face-off versus Pierre-Marc Bouchard in neutral zone.
9:41 of 3rd period - Snap shot by Ryan O'Reilly.
9:41 of 3rd period - Shot Misses the Net.
9:43 of 3rd period - Slapshot by Rob Scuderi.
9:43 of 3rd period - Shot Misses the Net.
10:18 of 3rd period - Icing by Scottie Upshall.
10:19 of 3rd period - Brandon Sutter wins face-off versus Pierre-Marc Bouchard in Sabres zone.
10:26 of 3rd period - Slapshot by Zach Bogosian.
10:26 of 3rd period - Stopped by Pascal Leclaire without a rebound.
10:27 of 3rd period - Kyle Okposo wins face-off versus Pierre-Marc Bouchard in Kings zone.
10:48 of 3rd period - Wrist shot by Pierre-Marc Bouchard.
10:48 of 3rd period - Goal by Pierre-Marc Bouchard - Sabres : 1 - Kings : 4.
10:49 of 3rd period - Ryan O'Reilly wins face-off versus Anze Kopitar in neutral zone.
12:02 of 3rd period - Minor Penalty to Valtteri Filppula for Holding.
12:03 of 3rd period - Andrei Loktionov wins face-off versus Anze Kopitar in Kings zone.
12:13 of 3rd period - Backhand shot by Andrei Loktionov.
12:13 of 3rd period - Shot Blocked by Shea Weber.
12:33 of 3rd period - Slapshot by Jon Merrill.
12:33 of 3rd period - Shot Misses the Net.
14:02 of 3rd period - Penalty to Valtteri Filppula is over, Valtteri Filppula is back on ice.
14:11 of 3rd period - Wrist shot by Cory Emmerton.
14:11 of 3rd period - Shot Blocked by Zach Bogosian.
14:35 of 3rd period - Slapshot by Brandon Sutter.
14:35 of 3rd period - Deflect By Ronalds Kenins.
14:35 of 3rd period - Shot Blocked by Cal Clutterbuck.
14:35 of 3rd period - Puck is out of play.
14:36 of 3rd period - Brandon Sutter wins face-off versus Valtteri Filppula in Kings zone.
14:37 of 3rd period - Wrist shot by Ronalds Kenins.
14:37 of 3rd period - Stopped by Pascal Leclaire with a rebound.
14:44 of 3rd period - Minor Penalty to Valtteri Filppula for Tripping.
14:45 of 3rd period - Andrei Loktionov wins face-off versus Anze Kopitar in Kings zone.
14:49 of 3rd period - Snap shot by Evander Kane.
14:49 of 3rd period - Shot Misses the Net.
14:53 of 3rd period - Snap shot by Evander Kane.
14:53 of 3rd period - Stopped by Pascal Leclaire with a rebound.
14:55 of 3rd period - Wrist shot by Rob Scuderi.
14:55 of 3rd period - Stopped by Pascal Leclaire with a rebound.
14:57 of 3rd period - Snap shot by Evander Kane.
14:57 of 3rd period - Stopped by Pascal Leclaire without a rebound.
14:58 of 3rd period - Anze Kopitar wins face-off versus Andrei Loktionov in Kings zone.
15:03 of 3rd period - Slapshot by Shea Weber.
15:03 of 3rd period - Shot Blocked by Michael Kostka.
15:11 of 3rd period - Jon Merrill is hit by Kyle Okposo and loses puck.
15:31 of 3rd period - Snap shot by Vincent Lecavalier.
15:31 of 3rd period - Shot Misses the Net.
15:33 of 3rd period - Slapshot by Jared Cowen.
15:33 of 3rd period - Stopped by Pascal Leclaire without a rebound.
15:34 of 3rd period - Anze Kopitar wins face-off versus Andrei Loktionov in Kings zone.
15:49 of 3rd period - Snap shot by Andrei Loktionov.
15:49 of 3rd period - Stopped by Pascal Leclaire with a rebound.
15:51 of 3rd period - Slapshot by Rob Scuderi.
15:51 of 3rd period - Shot Blocked by Drew Doughty.
16:05 of 3rd period - Snap shot by Zack Kassian.
16:05 of 3rd period - Deflect By Vincent Lecavalier.
16:05 of 3rd period - Shot Blocked by Drew Doughty.
16:05 of 3rd period - Puck is out of play.
16:06 of 3rd period - Vincent Lecavalier wins face-off versus Cal Clutterbuck in Kings zone.
16:13 of 3rd period - Wrist shot by Zack Kassian.
16:13 of 3rd period - Stopped by Pascal Leclaire without a rebound.
16:14 of 3rd period - Anze Kopitar wins face-off versus Vincent Lecavalier in Kings zone.
16:37 of 3rd period - Slapshot by Zach Bogosian.
16:37 of 3rd period - Shot Misses the Net.
16:39 of 3rd period - Wrist shot by Zach Bogosian.
16:39 of 3rd period - Stopped by Pascal Leclaire with a rebound.
16:44 of 3rd period - Penalty to Valtteri Filppula is over, Valtteri Filppula is back on ice.
16:53 of 3rd period - Slapshot by Zack Kassian.
16:53 of 3rd period - Shot Misses the Net.
16:55 of 3rd period - Slapshot by Zach Bogosian.
16:55 of 3rd period - Stopped by Pascal Leclaire with a rebound.
17:15 of 3rd period - Snap shot by Ryan O'Reilly.
17:15 of 3rd period - Shot Blocked by Anze Kopitar.
17:17 of 3rd period - Slapshot by Zach Bogosian.
17:17 of 3rd period - Shot Misses the Net.
18:00 of 3rd period - Backhand shot by Victor Hedman.
18:00 of 3rd period - Stopped by Robin Lehner with a rebound.
18:08 of 3rd period - Wrist shot by Drew Doughty.
18:08 of 3rd period - Stopped by Robin Lehner without a rebound.
18:09 of 3rd period - Pierre-Marc Bouchard wins face-off versus Ryan O'Reilly in Sabres zone.
18:22 of 3rd period - Snap shot by Pierre-Marc Bouchard.
18:22 of 3rd period - Stopped by Robin Lehner without a rebound.
18:23 of 3rd period - Anze Kopitar wins face-off versus Ryan O'Reilly in Sabres zone.
18:41 of 3rd period - Minor Penalty to Anze Kopitar for Slashing.
18:42 of 3rd period - Nino Niederreiter wins face-off versus Andrei Loktionov in Kings zone.
19:56 of 3rd period - Slapshot by Staffan Kronwall.
19:56 of 3rd period - Shot Misses the Net.
Goals for this period are 0 for Sabres vs 3 for Kings.
Shots for this period are 15 for Sabres vs 10 for Kings.
Back to the Top